Minnesota North Stars vs Chicago Black Hawks
Created - Friday, April 14, 2023 at 07:06
Goals
|
| Minnesota North Stars |
1 |
0 |
0 |
1 |
| Chicago Black Hawks |
1 |
0 |
1 |
2 |
|
Shots
|
| Minnesota North Stars |
4 |
7 |
8 |
19 |
| Chicago Black Hawks |
15 |
10 |
17 |
42 |
|
1st period
1. Chicago Black Hawks , Chris Kreider 15 (Matt Duchene 19, Steven Stamkos 26) at 11:17 (PP)
2. Minnesota North Stars , Yegor Sharangovich 7 (Gustav Nyquist 4, Andrew Poturalski 7) at 17:15
Penalties :
Rasmus Dahlin (MNS) for Hooking (Minor) at 3:33, David Perron (MNS) for Hooking (Minor) at 9:49
2nd period
No Goal
Penalties :
Brian Elliott (MNS) for Delaying the game (Minor) at 2:02 - Zdeno Chara served the penalty, Zdeno Chara (MNS) for Hooking (Minor) at 17:51
3rd period
3. Chicago Black Hawks , Brent Burns 5 (Mikhail Sergachev 11, Steven Stamkos 27) at 2:09 (PP)
Penalties :
Zdeno Chara (MNS) for Interference (Minor) at 1:54, Zdeno Chara (MNS) for Holding (Minor) at 3:09, Zdeno Chara (MNS) for Slashing (Minor) at 8:01, Zdeno Chara (MNS) for Hooking (Minor) at 15:19, Neal Pionk (MNS) for Slashing (Minor) at 18:37
Goalie Stats
Brian Elliott (MNS), 40 saves from 42 shots - (0.952), L, 9-7-0, 60:00 minutes
Jordan Binnington (CHI), 18 saves from 19 shots - (0.947), W, 6-1-1, 60:00 minutes
Players Stats for Minnesota North Stars
Player Name G A P +/- PIM S H SB GA TA FO MP PP MP PK MP
------------------------------------------------------------------------------------
Adam Lowry 0 0 0 0 0 0 2 2 1 2 11/21 20:13 0:00 7:38
Alex Goligoski 0 0 0 0 0 0 1 1 0 1 0/0 22:35 0:00 7:58
Andrew Poturalski 0 1 1 1 0 0 1 1 0 0 2/7 12:22 0:00 0:46
Conor Sheary 0 0 0 0 0 1 1 0 0 0 0/0 5:35 0:00 0:00
David Perron 0 0 0 0 2 1 3 2 0 1 0/0 17:49 0:00 3:44
Evgeni Malkin 0 0 0 0 0 1 2 3 1 1 3/12 20:15 0:00 4:52
Frank Vatrano 0 0 0 0 0 0 0 0 0 0 0/0 0:22 0:00 0:18
Gustav Nyquist 0 1 1 1 0 2 1 0 0 0 0/0 13:28 0:00 1:51
Jack Hughes 0 0 0 0 0 3 2 1 1 0 0/5 25:27 0:00 6:31
Jamie Oleksiak 0 0 0 0 0 0 1 3 0 0 0/0 17:20 0:00 6:36
Jeff Skinner 0 0 0 0 0 3 1 0 1 0 0/1 13:44 0:00 0:18
Justin Holl 0 0 0 0 0 0 1 1 0 1 0/0 10:15 0:00 0:11
Neal Pionk 0 0 0 0 2 2 1 2 0 4 0/0 21:52 0:00 7:09
Nino Niederreiter 0 0 0 0 0 0 2 0 0 0 0/0 5:35 0:00 0:00
Rasmus Dahlin 0 0 0 1 2 0 4 2 0 0 0/0 26:43 0:00 6:13
Viktor Arvidsson 0 0 0 0 0 0 1 0 0 0 0/0 13:09 0:00 0:00
Yegor Sharangovich 1 0 1 1 0 4 2 0 0 0 0/0 16:18 0:00 4:00
Zdeno Chara 0 0 0 1 10 2 0 2 0 1 0/0 21:51 0:00 1:51
Players Stats for Chicago Black Hawks
Player Name G A P +/- PIM S H SB GA TA FO MP PP MP PK MP
------------------------------------------------------------------------------------
Barclay Goodrow 0 0 0 0 0 0 1 0 0 0 1/1 8:43 0:00 0:00
Bo Horvat 0 0 0 0 0 2 3 0 0 0 5/7 17:16 6:11 0:00
Brent Burns 1 0 1 0 0 3 1 0 0 1 0/0 26:27 8:35 0:00
Bryan Rust 0 0 0 0 0 2 0 1 1 0 0/0 9:44 1:01 0:00
Chris Kreider 1 0 1 0 0 2 3 1 0 0 1/3 20:00 8:48 0:00
Devon Toews 0 0 0 0 0 4 0 1 1 2 0/0 24:17 5:27 0:00
Lawson Crouse 0 0 0 0 0 4 3 0 1 0 0/0 9:43 0:00 0:00
Matt Duchene 0 1 1 -1 0 6 1 0 1 0 1/2 21:49 8:34 0:00
Matthew Tkachuk 0 0 0 -1 0 2 1 1 0 0 2/2 19:30 6:11 0:00
Mikhail Sergachev 0 1 1 -1 0 2 5 0 0 0 0/0 25:39 9:17 0:00
Nicolas Hague 0 0 0 0 0 0 0 0 0 0 0/0 9:49 0:00 0:00
Nikolaj Ehlers 0 0 0 0 0 1 1 0 1 0 0/0 11:23 0:14 0:00
Phillip Danault 0 0 0 0 0 0 2 3 0 0 3/6 11:35 0:00 0:00
Rasmus Andersson 0 0 0 0 0 1 1 3 0 0 0/0 12:36 0:00 0:00
Rasmus Ristolainen 0 0 0 -1 0 1 0 0 0 0 0/0 13:46 0:43 0:00
Steven Stamkos 0 2 2 -1 0 3 3 0 4 0 17/25 22:19 8:31 0:00
Travis Konecny 0 0 0 0 0 5 1 0 1 0 0/0 16:50 5:27 0:00
Vladimir Tarasenko 0 0 0 0 0 4 2 0 1 1 0/0 18:34 5:56 0:00
3 Stars
1 - Brian Elliott (MNS)
2 - Chris Kreider (CHI)
3 - Yegor Sharangovich (MNS)
Power Play
Minnesota North Stars - 0 on 0 Attempt(s) - 0.00%
Chicago Black Hawks - 2 on 9 Attempt(s) - 22.22%
Penalty Kill
Minnesota North Stars - 7 on 9 Attempt(s) - 77.78%
- Score 0 goal in Penalty Kill
Chicago Black Hawks - 0 on 0 Attempt(s) - 0.00%
- Score 0 goal in Penalty Kill
Team Stat
Minnesota North Stars - Hits : 26 - Faceoff Wins : 16 - Blocked Shots : 20 - Penalty Minutes : 18
Chicago Black Hawks - Hits : 28 - Faceoff Wins : 30 - Blocked Shots : 10 - Penalty Minutes : 0
Official
Referees : Mark Lemelin and Kelly Sutherland
Linesman : Mark Shewchyk and Derek Amell
Game Notes
No Game Note
Finance
Level 1 -- Attendance: 4768 (79.47%) -- Ticket Income $476,800
Level 2 -- Attendance: 4041 (80.82%) -- Ticket Income $242,460
Level 3 -- Attendance: 2355 (78.50%) -- Ticket Income $82,425
Level 4 -- Attendance: 3931 (78.62%) -- Ticket Income $98,275
Luxury Box -- Attendance: 833 (83.30%) -- Ticket Income $166,600
Game was played at the United Center.
Total Attendance: 15928 (79.64%)
Total Ticket Income: $1,066,560
Other Income: $373,296
Total Income: $1,439,856
Minnesota North Stars
5 vs 5 Forward
Center Left Wing Right Wing Time % Phy DF OF
1 Evgeni Malkin Jack Hughes David Perron 40 1 2 2
2 Adam Lowry Jeff Skinner Viktor Arvidsson 31 1 2 2
3 Andrew Poturalski Yegor Sharangovich Gustav Nyquist 24 1 2 2
4 Jack Hughes Conor Sheary Nino Niederreiter 5 1 2 2
5 vs 5 Defense
Defense Defense Time % Phy DF OF
1 Rasmus Dahlin Zdeno Chara 40 1 2 2
2 Neal Pionk Alex Goligoski 30 1 2 2
3 Justin Holl Jamie Oleksiak 20 1 2 2
4 Rasmus Dahlin Zdeno Chara 10 1 2 2
PowerPlay Forward
Center Left Wing Right Wing Time % Phy DF OF
1 Evgeni Malkin Jack Hughes David Perron 60 1 2 2
2 Andrew Poturalski Jeff Skinner Viktor Arvidsson 40 1 2 2
PowerPlay Defense
Defense Defense Time % Phy DF OF
1 Rasmus Dahlin Zdeno Chara 60 1 2 2
2 Neal Pionk Alex Goligoski 40 1 2 2
Penalty Kill 4 Players Forward
Center Wing Time % Phy DF OF
1 Adam Lowry Jack Hughes 60 1 2 2
2 Evgeni Malkin David Perron 40 1 2 2
Penalty Kill 4 Players Defense
Defense Defense Time % Phy DF OF
1 Rasmus Dahlin Zdeno Chara 60 1 2 2
2 Neal Pionk Alex Goligoski 40 1 2 2
Penalty Kill - 3 Players Forward
Forward Time % Phy DF OF
1 Evgeni Malkin 60 1 2 2
2 Adam Lowry 40 1 2 2
Penalty Kill - 3 Players Defense
Defense Defense Time % Phy DF OF
1 Jamie Oleksiak Zdeno Chara 60 1 2 2
2 Neal Pionk Alex Goligoski 40 1 2 2
4 vs 4 Forward
Center Wing Time % Phy DF OF
1 Evgeni Malkin Jack Hughes 60 1 2 2
2 Adam Lowry David Perron 40 1 2 2
4 vs 4 Defense
Defense Defense Time % Phy DF OF
1 Rasmus Dahlin Zdeno Chara 60 1 2 2
2 Neal Pionk Alex Goligoski 40 1 2 2
Last Minutes Offensive
Center Left Wing Right Wing Defense Defense
Evgeni Malkin Jack Hughes David Perron Rasmus Dahlin Zdeno Chara
Last Minutes Defensive
Center Left Wing Right Wing Defense Defense
Evgeni Malkin Jack Hughes David Perron Rasmus Dahlin Zdeno Chara
Goaltenders
Starting : Brian Elliott
Backup : Antti Raanta
Extra Forwards
Normal : Evgeni Malkin, Jack Hughes, Jeff Skinner - PP : Evgeni Malkin, Jack Hughes - PK : Adam Lowry
Extra Defensemen
Normal : Rasmus Dahlin, Neal Pionk, Jamie Oleksiak - PP : Rasmus Dahlin - PK : Jamie Oleksiak, Neal Pionk
Penalty Shots
Evgeni Malkin, Jack Hughes, Jeff Skinner, David Perron, Yegor Sharangovich
Chicago Black Hawks
5 vs 5 Forward
Center Left Wing Right Wing Time % Phy DF OF
1 Steven Stamkos Matthew Tkachuk Matt Duchene 40 0 1 4
2 Bo Horvat Chris Kreider Vladimir Tarasenko 30 0 1 4
3 Phillip Danault Nikolaj Ehlers Travis Konecny 20 0 2 3
4 Barclay Goodrow Bryan Rust Lawson Crouse 10 0 2 3
5 vs 5 Defense
Defense Defense Time % Phy DF OF
1 Brent Burns Devon Toews 40 0 2 3
2 Rasmus Ristolainen Mikhail Sergachev 30 0 2 3
3 Rasmus Andersson Nicolas Hague 20 0 4 1
4 Mikhail Sergachev Rasmus Andersson 10 0 3 2
PowerPlay Forward
Center Left Wing Right Wing Time % Phy DF OF
1 Steven Stamkos Chris Kreider Matt Duchene 60 0 0 5
2 Bo Horvat Matthew Tkachuk Travis Konecny 40 0 0 5
PowerPlay Defense
Defense Defense Time % Phy DF OF
1 Brent Burns Mikhail Sergachev 60 0 0 5
2 Devon Toews Vladimir Tarasenko 40 0 0 5
Penalty Kill 4 Players Forward
Center Wing Time % Phy DF OF
1 Barclay Goodrow Lawson Crouse 60 0 5 0
2 Phillip Danault Chris Kreider 40 0 5 0
Penalty Kill 4 Players Defense
Defense Defense Time % Phy DF OF
1 Devon Toews Rasmus Ristolainen 60 0 5 0
2 Brent Burns Mikhail Sergachev 40 0 5 0
Penalty Kill - 3 Players Forward
Forward Time % Phy DF OF
1 Barclay Goodrow 60 0 5 0
2 Phillip Danault 40 0 5 0
Penalty Kill - 3 Players Defense
Defense Defense Time % Phy DF OF
1 Rasmus Ristolainen Mikhail Sergachev 60 0 5 0
2 Devon Toews Nicolas Hague 40 0 5 0
4 vs 4 Forward
Center Wing Time % Phy DF OF
1 Phillip Danault Nikolaj Ehlers 60 0 2 3
2 Bo Horvat Bryan Rust 40 0 2 3
4 vs 4 Defense
Defense Defense Time % Phy DF OF
1 Nicolas Hague Rasmus Ristolainen 60 0 4 1
2 Devon Toews Brent Burns 40 0 2 3
Last Minutes Offensive
Center Left Wing Right Wing Defense Defense
Steven Stamkos Chris Kreider Matthew Tkachuk Brent Burns Devon Toews
Last Minutes Defensive
Center Left Wing Right Wing Defense Defense
Barclay Goodrow Lawson Crouse Phillip Danault Rasmus Ristolainen Brent Burns
Goaltenders
Starting : Jordan Binnington
Backup : Ryan Fanti
Extra Forwards
Normal : Lawson Crouse, Vladimir Tarasenko, Phillip Danault - PP : Bryan Rust, Nikolaj Ehlers - PK : Bo Horvat
Extra Defensemen
Normal : Rasmus Ristolainen, Nicolas Hague, Devon Toews - PP : Rasmus Ristolainen - PK : Nicolas Hague, Devon Toews
Penalty Shots
Bryan Rust, Matt Duchene, Devon Toews, Bo Horvat, Rasmus Ristolainen
% Time on Ice - Minnesota North Stars
Lines # - Real PCT - Wanted PCT - Time Play
Normal Forward
1 - 32% - 40% - 14:33
2 - 30% - 31% - 13:17
3 - 26% - 24% - 11:36
4 - 12% - 5% - 5:35
Normal Defense
1 - 42% - 40% - 19:05
2 - 31% - 30% - 14:01
3 - 22% - 20% - 10:00
4 - 4% - 10% - 1:55
PP Forward
1 - 0% - 60%
2 - 0% - 40%
PP Defense
1 - 0% - 60%
2 - 0% - 40%
PK Forward
1 - 68% - 60% - 10:07
2 - 32% - 40% - 4:52
PK Defense
1 - 55% - 60% - 8:12
2 - 45% - 40% - 6:47
PK3 Forward
1 - 0% - 60%
2 - 0% - 40%
PK3 Defense
1 - 0% - 60%
2 - 0% - 40%
44 Forward
1 - 0% - 60%
2 - 0% - 40%
44 Defense
1 - 0% - 60%
2 - 0% - 40%
Last Minute Offensive - 0:00
Last Minute Defensive - 0:00
Total
Forward - 60:00
Defense - 60:00
|
% Time on Ice - Chicago Black Hawks
Lines # - Real PCT - Wanted PCT - Time Play
Normal Forward
1 - 29% - 40% - 13:15
2 - 27% - 30% - 12:00
3 - 25% - 20% - 11:03
4 - 19% - 10% - 8:43
Normal Defense
1 - 40% - 40% - 17:52
2 - 32% - 30% - 14:33
3 - 22% - 20% - 9:49
4 - 6% - 10% - 2:47
PP Forward
1 - 59% - 60% - 8:48
2 - 41% - 40% - 6:11
PP Defense
1 - 60% - 60% - 9:03
2 - 40% - 40% - 5:56
PK Forward
1 - 0% - 60%
2 - 0% - 40%
PK Defense
1 - 0% - 60%
2 - 0% - 40%
PK3 Forward
1 - 0% - 60%
2 - 0% - 40%
PK3 Defense
1 - 0% - 60%
2 - 0% - 40%
44 Forward
1 - 0% - 60%
2 - 0% - 40%
44 Defense
1 - 0% - 60%
2 - 0% - 40%
Last Minute Offensive - 0:00
Last Minute Defensive - 0:00
Total
Forward - 60:00
Defense - 60:00
|
Play-by-Play
1st period
0:01 of 1st period - Steven Stamkos wins face-off versus Evgeni Malkin in neutral zone.
1:32 of 1st period - Matthew Tkachuk is hit by Alex Goligoski and loses puck.
2:08 of 1st period - Snap shot by Vladimir Tarasenko.
2:08 of 1st period - Stopped by Brian Elliott with a rebound.
2:20 of 1st period - Evgeni Malkin is hit by Brent Burns and loses puck.
3:14 of 1st period - Evgeni Malkin is hit by Chris Kreider and loses puck.
3:27 of 1st period - Snap shot by Bo Horvat.
3:27 of 1st period - Stopped by Brian Elliott with a rebound.
3:33 of 1st period - Minor Penalty to Rasmus Dahlin for Hooking.
3:34 of 1st period - Steven Stamkos wins face-off versus Jack Hughes in Minnesota North Stars zone.
3:37 of 1st period - Wrist shot by Chris Kreider.
3:37 of 1st period - Stopped by Brian Elliott without a rebound.
3:38 of 1st period - Adam Lowry wins face-off versus Chris Kreider in Minnesota North Stars zone.
3:38 of 1st period - Adam Lowry is hit by Mikhail Sergachev.
4:05 of 1st period - Wrist shot by Travis Konecny.
4:05 of 1st period - Shot Blocked by Jamie Oleksiak.
4:14 of 1st period - Off-side.
4:15 of 1st period - Adam Lowry wins face-off versus Steven Stamkos in neutral zone.
4:20 of 1st period - Steven Stamkos is hit by Adam Lowry and loses puck.
4:49 of 1st period - Slapshot by Vladimir Tarasenko.
4:49 of 1st period - Stopped by Brian Elliott with a rebound.
4:51 of 1st period - Wrist shot by Travis Konecny.
4:51 of 1st period - Stopped by Brian Elliott with a rebound.
5:33 of 1st period - Penalty to Rasmus Dahlin is over, Rasmus Dahlin is back on ice.
5:37 of 1st period - Steven Stamkos is hit by Yegor Sharangovich and loses puck.
5:44 of 1st period - Adam Lowry is hit by Steven Stamkos and loses puck.
5:55 of 1st period - Bryan Rust is hit by Andrew Poturalski and loses puck.
6:32 of 1st period - Wrist shot by Yegor Sharangovich.
6:32 of 1st period - Stopped by Jordan Binnington with a rebound.
7:03 of 1st period - Rasmus Ristolainen is hit by Nino Niederreiter and loses puck.
7:34 of 1st period - Mikhail Sergachev is hit by Yegor Sharangovich and loses puck.
7:45 of 1st period - Phillip Danault is hit by Rasmus Dahlin.
8:06 of 1st period - Wrist shot by Bryan Rust.
8:06 of 1st period - Deflect By Bo Horvat.
8:06 of 1st period - Shot Blocked by Zdeno Chara.
8:06 of 1st period - Puck is out of play.
8:07 of 1st period - Bo Horvat wins face-off versus Andrew Poturalski in Minnesota North Stars zone.
8:54 of 1st period - Nikolaj Ehlers is hit by Conor Sheary and loses puck.
9:11 of 1st period - Wrist shot by Jeff Skinner.
9:11 of 1st period - Stopped by Jordan Binnington with a rebound.
9:13 of 1st period - Snap shot by Justin Holl.
9:13 of 1st period - Shot Misses the Net.
9:15 of 1st period - Backhand shot by Jamie Oleksiak.
9:15 of 1st period - Shot Blocked by Phillip Danault.
9:39 of 1st period - Slapshot by Matt Duchene.
9:39 of 1st period - Shot Misses the Net.
9:43 of 1st period - Snap shot by Steven Stamkos.
9:43 of 1st period - Shot Misses the Net.
9:49 of 1st period - Minor Penalty to David Perron for Hooking.
9:50 of 1st period - Adam Lowry wins face-off versus Chris Kreider in Minnesota North Stars zone.
10:05 of 1st period - Adam Lowry is hit by Steven Stamkos and loses puck.
10:20 of 1st period - Yegor Sharangovich is hit by Mikhail Sergachev and loses puck.
10:35 of 1st period - Slapshot by Steven Stamkos.
10:35 of 1st period - Shot Misses the Net.
10:37 of 1st period - Slapshot by Matt Duchene.
10:37 of 1st period - Shot Blocked by Evgeni Malkin.
10:39 of 1st period - Wrist shot by Matt Duchene.
10:39 of 1st period - Stopped by Brian Elliott with a rebound.
10:45 of 1st period - Slapshot by Matt Duchene.
10:45 of 1st period - Shot Blocked by Neal Pionk.
11:01 of 1st period - Snap shot by Matt Duchene.
11:01 of 1st period - Stopped by Brian Elliott with a rebound.
11:07 of 1st period - Wrist shot by Chris Kreider.
11:07 of 1st period - Shot Blocked by Alex Goligoski.
11:15 of 1st period - Wrist shot by Chris Kreider.
11:15 of 1st period - Shot Misses the Net.
11:17 of 1st period - Wrist shot by Chris Kreider.
11:17 of 1st period - Goal by Chris Kreider - Minnesota North Stars : 0 - Chicago Black Hawks : 1.
11:18 of 1st period - Phillip Danault wins face-off versus Adam Lowry in neutral zone.
11:32 of 1st period - Slapshot by Phillip Danault.
11:32 of 1st period - Shot Misses the Net.
11:34 of 1st period - Wrist shot by Nicolas Hague.
11:34 of 1st period - Shot Blocked by Zdeno Chara.
11:44 of 1st period - Zdeno Chara is hit by Lawson Crouse and loses puck.
11:53 of 1st period - Slapshot by Conor Sheary.
11:53 of 1st period - Deflect By Jack Hughes.
11:53 of 1st period - Shot Misses the Net.
11:53 of 1st period - Puck is out of play.
11:54 of 1st period - Phillip Danault wins face-off versus Evgeni Malkin in Chicago Black Hawks zone.
11:59 of 1st period - Jack Hughes is hit by Travis Konecny and loses puck.
12:06 of 1st period - Snap shot by Travis Konecny.
12:06 of 1st period - Stopped by Brian Elliott with a rebound.
12:28 of 1st period - Slapshot by Bo Horvat.
12:28 of 1st period - Stopped by Brian Elliott with a rebound.
13:02 of 1st period - Wrist shot by Lawson Crouse.
13:02 of 1st period - Stopped by Brian Elliott with a rebound.
13:04 of 1st period - Snap shot by Lawson Crouse.
13:04 of 1st period - Stopped by Brian Elliott without a rebound.
13:05 of 1st period - Adam Lowry wins face-off versus Steven Stamkos in Minnesota North Stars zone.
13:30 of 1st period - Andrew Poturalski is hit by Mikhail Sergachev and loses puck.
13:56 of 1st period - Travis Konecny is hit by Jamie Oleksiak and loses puck.
14:17 of 1st period - Snap shot by Bryan Rust.
14:17 of 1st period - Shot Misses the Net.
14:44 of 1st period - Gustav Nyquist is hit by Vladimir Tarasenko and loses puck.
14:56 of 1st period - Icing by Justin Holl.
14:57 of 1st period - Adam Lowry wins face-off versus Phillip Danault in Minnesota North Stars zone.
15:04 of 1st period - Slapshot by Travis Konecny.
15:04 of 1st period - Shot Misses the Net.
15:06 of 1st period - Snap shot by Mikhail Sergachev.
15:06 of 1st period - Stopped by Brian Elliott with a rebound.
15:08 of 1st period - Backhand shot by Rasmus Ristolainen.
15:08 of 1st period - Deflect By Viktor Arvidsson.
15:08 of 1st period - Stopped by Brian Elliott with a rebound.
15:10 of 1st period - Snap shot by Rasmus Ristolainen.
15:10 of 1st period - Shot Misses the Net.
15:12 of 1st period - Wrist shot by Travis Konecny.
15:12 of 1st period - Shot Blocked by Adam Lowry.
15:14 of 1st period - Snap shot by Travis Konecny.
15:14 of 1st period - Shot Misses the Net.
15:26 of 1st period - Slapshot by Vladimir Tarasenko.
15:26 of 1st period - Shot Blocked by Jamie Oleksiak.
15:56 of 1st period - Matt Duchene is hit by Justin Holl and loses puck.
16:47 of 1st period - Slapshot by Chris Kreider.
16:47 of 1st period - Deflect By Vladimir Tarasenko.
16:47 of 1st period - Stopped by Brian Elliott without a rebound.
16:48 of 1st period - Andrew Poturalski wins face-off versus Bo Horvat in Minnesota North Stars zone.
16:55 of 1st period - Slapshot by Rasmus Dahlin.
16:55 of 1st period - Deflect By Andrew Poturalski.
16:55 of 1st period - Shot Misses the Net.
16:55 of 1st period - Puck is out of play.
16:56 of 1st period - Matthew Tkachuk wins face-off versus Andrew Poturalski in Chicago Black Hawks zone.
17:15 of 1st period - Wrist shot by Yegor Sharangovich.
17:15 of 1st period - Goal by Yegor Sharangovich - Minnesota North Stars : 1 - Chicago Black Hawks : 1.
17:16 of 1st period - Steven Stamkos wins face-off versus Jack Hughes in neutral zone.
17:25 of 1st period - David Perron is hit by Matt Duchene and loses puck.
18:18 of 1st period - Wrist shot by Nikolaj Ehlers.
18:18 of 1st period - Shot Misses the Net.
18:36 of 1st period - Snap shot by David Perron.
18:36 of 1st period - Shot Blocked by Rasmus Andersson.
18:38 of 1st period - Slapshot by Jack Hughes.
18:38 of 1st period - Stopped by Jordan Binnington without a rebound.
18:39 of 1st period - Steven Stamkos wins face-off versus Evgeni Malkin in Chicago Black Hawks zone.
18:39 of 1st period - Steven Stamkos is hit by Jack Hughes.
19:52 of 1st period - Wrist shot by Evgeni Malkin.
19:52 of 1st period - Shot Blocked by Bryan Rust.
19:59 of 1st period - Off-side.
Goals for this period are 1 for Minnesota North Stars vs 1 for Chicago Black Hawks.
Shots for this period are 4 for Minnesota North Stars vs 15 for Chicago Black Hawks.
2nd period
0:01 of 2nd period - Steven Stamkos wins face-off versus Evgeni Malkin in neutral zone.
0:04 of 2nd period - Slapshot by Brent Burns.
0:04 of 2nd period - Shot Blocked by Evgeni Malkin.
0:06 of 2nd period - Snap shot by Steven Stamkos.
0:06 of 2nd period - Stopped by Brian Elliott without a rebound.
0:07 of 2nd period - Evgeni Malkin wins face-off versus Steven Stamkos in Minnesota North Stars zone.
0:12 of 2nd period - Steven Stamkos is hit by Rasmus Dahlin and loses puck.
0:16 of 2nd period - Brent Burns is hit by David Perron and loses puck.
0:53 of 2nd period - Snap shot by Jack Hughes.
0:53 of 2nd period - Shot Misses the Net.
1:56 of 2nd period - Snap shot by Travis Konecny.
1:56 of 2nd period - Shot Misses the Net.
1:58 of 2nd period - Slapshot by Devon Toews.
1:58 of 2nd period - Deflect By Evgeni Malkin.
1:58 of 2nd period - Stopped by Brian Elliott with a rebound.
2:00 of 2nd period - Slapshot by Devon Toews.
2:00 of 2nd period - Shot Blocked by Rasmus Dahlin.
2:02 of 2nd period - Wrist shot by Travis Konecny.
2:02 of 2nd period - Stopped by Brian Elliott without a rebound.
2:02 of 2nd period - Minor Penalty to Brian Elliott for Delaying the game.
2:03 of 2nd period - Adam Lowry wins face-off versus Matt Duchene in Minnesota North Stars zone.
2:44 of 2nd period - Alex Goligoski is hit by Matthew Tkachuk.
3:56 of 2nd period - Snap shot by Jeff Skinner.
3:56 of 2nd period - Stopped by Jordan Binnington with a rebound.
4:02 of 2nd period - Penalty to Zdeno Chara is over, Zdeno Chara is back on ice.
4:02 of 2nd period - Slapshot by Frank Vatrano.
4:02 of 2nd period - Shot Blocked by Chris Kreider.
4:05 of 2nd period - Icing by Chris Kreider.
4:06 of 2nd period - Steven Stamkos wins face-off versus Adam Lowry in Chicago Black Hawks zone.
4:16 of 2nd period - Off-side.
4:17 of 2nd period - Barclay Goodrow wins face-off versus Jack Hughes in neutral zone.
4:44 of 2nd period - Conor Sheary is hit by Bo Horvat and loses puck.
5:09 of 2nd period - Snap shot by Travis Konecny.
5:09 of 2nd period - Stopped by Brian Elliott with a rebound.
5:11 of 2nd period - Slapshot by Brent Burns.
5:11 of 2nd period - Deflect By Nikolaj Ehlers.
5:11 of 2nd period - Stopped by Brian Elliott with a rebound.
5:13 of 2nd period - Slapshot by Devon Toews.
5:13 of 2nd period - Deflect By Phillip Danault.
5:13 of 2nd period - Shot Misses the Net.
5:13 of 2nd period - Puck is out of play.
5:14 of 2nd period - Steven Stamkos wins face-off versus Adam Lowry in Minnesota North Stars zone.
6:08 of 2nd period - Jeff Skinner is hit by Phillip Danault and loses puck.
6:23 of 2nd period - David Perron is hit by Lawson Crouse and loses puck.
6:42 of 2nd period - Snap shot by Gustav Nyquist.
6:42 of 2nd period - Shot Blocked by Matthew Tkachuk.
6:44 of 2nd period - Snap shot by Zdeno Chara.
6:44 of 2nd period - Stopped by Jordan Binnington with a rebound.
7:58 of 2nd period - Snap shot by Lawson Crouse.
7:58 of 2nd period - Shot Misses the Net.
8:00 of 2nd period - Snap shot by Lawson Crouse.
8:00 of 2nd period - Shot Misses the Net.
8:02 of 2nd period - Snap shot by Bryan Rust.
8:02 of 2nd period - Stopped by Brian Elliott with a rebound.
8:04 of 2nd period - Wrist shot by Bryan Rust.
8:04 of 2nd period - Shot Misses the Net.
8:06 of 2nd period - Slapshot by Mikhail Sergachev.
8:06 of 2nd period - Stopped by Brian Elliott without a rebound.
8:07 of 2nd period - Bo Horvat wins face-off versus Andrew Poturalski in Minnesota North Stars zone.
8:22 of 2nd period - Wrist shot by Yegor Sharangovich.
8:22 of 2nd period - Shot Misses the Net.
8:24 of 2nd period - Snap shot by Gustav Nyquist.
8:24 of 2nd period - Shot Hit the Post.
8:34 of 2nd period - Vladimir Tarasenko is hit by Jeff Skinner and loses puck.
8:51 of 2nd period - Snap shot by Bo Horvat.
8:51 of 2nd period - Shot Blocked by Neal Pionk.
9:27 of 2nd period - Zdeno Chara is hit by Rasmus Andersson and loses puck.
9:57 of 2nd period - Wrist shot by Travis Konecny.
9:57 of 2nd period - Shot Misses the Net.
10:13 of 2nd period - Wrist shot by Bryan Rust.
10:13 of 2nd period - Shot Misses the Net.
10:15 of 2nd period - Wrist shot by Lawson Crouse.
10:15 of 2nd period - Shot Misses the Net.
10:35 of 2nd period - Snap shot by Gustav Nyquist.
10:35 of 2nd period - Shot Blocked by Rasmus Andersson.
11:07 of 2nd period - Rasmus Andersson is hit by Neal Pionk and loses puck.
12:02 of 2nd period - Brent Burns is hit by Rasmus Dahlin and loses puck.
12:13 of 2nd period - Andrew Poturalski is hit by Bo Horvat and loses puck.
12:55 of 2nd period - Wrist shot by Lawson Crouse.
12:55 of 2nd period - Stopped by Brian Elliott with a rebound.
13:00 of 2nd period - Off-side.
13:01 of 2nd period - Bo Horvat wins face-off versus Andrew Poturalski in neutral zone.
13:26 of 2nd period - Nicolas Hague is hit by Viktor Arvidsson.
13:36 of 2nd period - Slapshot by Rasmus Andersson.
13:36 of 2nd period - Deflect By Alex Goligoski.
13:36 of 2nd period - Stopped by Brian Elliott with a rebound.
13:52 of 2nd period - Phillip Danault is hit by David Perron and loses puck.
13:59 of 2nd period - Neal Pionk is hit by Nikolaj Ehlers and loses puck.
14:18 of 2nd period - Snap shot by Yegor Sharangovich.
14:18 of 2nd period - Stopped by Jordan Binnington with a rebound.
14:52 of 2nd period - Nicolas Hague is hit by Rasmus Dahlin and loses puck.
14:59 of 2nd period - Conor Sheary is hit by Barclay Goodrow and loses puck.
15:20 of 2nd period - Wrist shot by Travis Konecny.
15:20 of 2nd period - Shot Misses the Net.
15:42 of 2nd period - Jack Hughes is hit by Chris Kreider and loses puck.
15:57 of 2nd period - Rasmus Andersson is hit by Adam Lowry and loses puck.
16:25 of 2nd period - Andrew Poturalski is hit by Lawson Crouse and loses puck.
16:38 of 2nd period - Neal Pionk is hit by Bo Horvat and loses puck.
16:53 of 2nd period - Wrist shot by Gustav Nyquist.
16:53 of 2nd period - Shot Misses the Net.
16:55 of 2nd period - Snap shot by Yegor Sharangovich.
16:55 of 2nd period - Shot Misses the Net.
16:57 of 2nd period - Snap shot by Andrew Poturalski.
16:57 of 2nd period - Shot Misses the Net.
16:59 of 2nd period - Slapshot by Neal Pionk.
16:59 of 2nd period - Stopped by Jordan Binnington with a rebound.
17:01 of 2nd period - Wrist shot by Gustav Nyquist.
17:01 of 2nd period - Stopped by Jordan Binnington with a rebound.
17:03 of 2nd period - Slapshot by Alex Goligoski.
17:03 of 2nd period - Deflect By Yegor Sharangovich.
17:03 of 2nd period - Stopped by Jordan Binnington without a rebound.
17:04 of 2nd period - Steven Stamkos wins face-off versus Jeff Skinner in Chicago Black Hawks zone.
17:20 of 2nd period - Snap shot by Jeff Skinner.
17:20 of 2nd period - Stopped by Jordan Binnington with a rebound.
17:35 of 2nd period - Snap shot by Travis Konecny.
17:35 of 2nd period - Stopped by Brian Elliott with a rebound.
17:37 of 2nd period - Slapshot by Nicolas Hague.
17:37 of 2nd period - Deflect By Travis Konecny.
17:37 of 2nd period - Shot Misses the Net.
17:37 of 2nd period - Puck is out of play.
17:38 of 2nd period - Bo Horvat wins face-off versus Evgeni Malkin in Minnesota North Stars zone.
17:45 of 2nd period - Wrist shot by Bo Horvat.
17:45 of 2nd period - Shot Blocked by Justin Holl.
17:50 of 2nd period - Off-side.
17:51 of 2nd period - Evgeni Malkin wins face-off versus Steven Stamkos in neutral zone.
17:51 of 2nd period - Minor Penalty to Zdeno Chara for Hooking.
17:52 of 2nd period - Steven Stamkos wins face-off versus Adam Lowry in Minnesota North Stars zone.
17:53 of 2nd period - Slapshot by Matt Duchene.
17:53 of 2nd period - Shot Blocked by Jack Hughes.
17:55 of 2nd period - Slapshot by Brent Burns.
17:55 of 2nd period - Shot Misses the Net.
17:57 of 2nd period - Slapshot by Mikhail Sergachev.
17:57 of 2nd period - Shot Misses the Net.
18:39 of 2nd period - Jamie Oleksiak is hit by Chris Kreider and loses puck.
19:51 of 2nd period - Penalty to Zdeno Chara is over, Zdeno Chara is back on ice.
Goals for this period are 0 for Minnesota North Stars vs 0 for Chicago Black Hawks.
Shots for this period are 7 for Minnesota North Stars vs 10 for Chicago Black Hawks.
3rd period
0:01 of 3rd period - Steven Stamkos wins face-off versus Evgeni Malkin in neutral zone.
0:17 of 3rd period - Icing by David Perron.
0:18 of 3rd period - Bo Horvat wins face-off versus Evgeni Malkin in Minnesota North Stars zone.
0:31 of 3rd period - Wrist shot by Evgeni Malkin.
0:31 of 3rd period - Shot Misses the Net.
0:35 of 3rd period - Wrist shot by Jack Hughes.
0:35 of 3rd period - Stopped by Jordan Binnington with a rebound.
0:37 of 3rd period - Backhand shot by David Perron.
0:37 of 3rd period - Stopped by Jordan Binnington with a rebound.
0:39 of 3rd period - Wrist shot by Evgeni Malkin.
0:39 of 3rd period - Shot Misses the Net.
0:41 of 3rd period - Slapshot by Zdeno Chara.
0:41 of 3rd period - Stopped by Jordan Binnington with a rebound.
0:43 of 3rd period - Wrist shot by Evgeni Malkin.
0:43 of 3rd period - Shot Blocked by Devon Toews.
0:45 of 3rd period - Snap shot by Jack Hughes.
0:45 of 3rd period - Stopped by Jordan Binnington with a rebound.
0:47 of 3rd period - Slapshot by Evgeni Malkin.
0:47 of 3rd period - Stopped by Jordan Binnington without a rebound.
0:48 of 3rd period - Steven Stamkos wins face-off versus Adam Lowry in Chicago Black Hawks zone.
1:17 of 3rd period - Snap shot by Conor Sheary.
1:17 of 3rd period - Shot Blocked by Phillip Danault.
1:19 of 3rd period - Wrist shot by Nino Niederreiter.
1:19 of 3rd period - Shot Blocked by Phillip Danault.
1:21 of 3rd period - Slapshot by Neal Pionk.
1:21 of 3rd period - Shot Hit the Post.
1:23 of 3rd period - Wrist shot by Conor Sheary.
1:23 of 3rd period - Stopped by Jordan Binnington without a rebound.
1:24 of 3rd period - Adam Lowry wins face-off versus Steven Stamkos in Chicago Black Hawks zone.
1:31 of 3rd period - Slapshot by Jeff Skinner.
1:31 of 3rd period - Shot Misses the Net.
1:54 of 3rd period - Minor Penalty to Zdeno Chara for Interference.
1:55 of 3rd period - Adam Lowry wins face-off versus Steven Stamkos in Minnesota North Stars zone.
2:07 of 3rd period - Slapshot by Mikhail Sergachev.
2:07 of 3rd period - Shot Blocked by Rasmus Dahlin.
2:09 of 3rd period - Snap shot by Brent Burns.
2:09 of 3rd period - Goal by Brent Burns - Minnesota North Stars : 1 - Chicago Black Hawks : 2.
2:10 of 3rd period - Matt Duchene wins face-off versus Evgeni Malkin in neutral zone.
2:21 of 3rd period - Wrist shot by Matthew Tkachuk.
2:21 of 3rd period - Shot Blocked by Evgeni Malkin.
2:43 of 3rd period - Viktor Arvidsson is hit by Vladimir Tarasenko and loses puck.
3:09 of 3rd period - Minor Penalty to Zdeno Chara for Holding.
3:10 of 3rd period - Adam Lowry wins face-off versus Steven Stamkos in Minnesota North Stars zone.
3:35 of 3rd period - Matthew Tkachuk is hit by Jack Hughes and loses puck.
3:42 of 3rd period - Alex Goligoski is hit by Mikhail Sergachev and loses puck.
4:47 of 3rd period - Chris Kreider is hit by Evgeni Malkin and loses puck.
5:09 of 3rd period - Penalty to Zdeno Chara is over, Zdeno Chara is back on ice.
5:16 of 3rd period - Wrist shot by Gustav Nyquist.
5:16 of 3rd period - Stopped by Jordan Binnington with a rebound.
5:42 of 3rd period - Icing by Rasmus Andersson.
5:43 of 3rd period - Phillip Danault wins face-off versus Andrew Poturalski in Chicago Black Hawks zone.
5:43 of 3rd period - Phillip Danault is hit by Gustav Nyquist.
6:05 of 3rd period - Steven Stamkos is hit by David Perron and loses puck.
6:16 of 3rd period - Alex Goligoski is hit by Steven Stamkos and loses puck.
6:54 of 3rd period - Snap shot by Vladimir Tarasenko.
6:54 of 3rd period - Shot Misses the Net.
7:32 of 3rd period - Icing by Rasmus Ristolainen.
7:33 of 3rd period - Steven Stamkos wins face-off versus Adam Lowry in Chicago Black Hawks zone.
7:42 of 3rd period - Snap shot by Matt Duchene.
7:42 of 3rd period - Deflect By Steven Stamkos.
7:42 of 3rd period - Stopped by Brian Elliott without a rebound.
7:43 of 3rd period - Steven Stamkos wins face-off versus Adam Lowry in Minnesota North Stars zone.
7:50 of 3rd period - Slapshot by Matt Duchene.
7:50 of 3rd period - Stopped by Brian Elliott with a rebound.
7:52 of 3rd period - Slapshot by Devon Toews.
7:52 of 3rd period - Shot Blocked by Adam Lowry.
7:54 of 3rd period - Wrist shot by Matt Duchene.
7:54 of 3rd period - Stopped by Brian Elliott with a rebound.
8:01 of 3rd period - Minor Penalty to Zdeno Chara for Slashing.
8:02 of 3rd period - Steven Stamkos wins face-off versus Adam Lowry in Minnesota North Stars zone.
8:13 of 3rd period - Off-side.
8:14 of 3rd period - Chris Kreider wins face-off versus Jack Hughes in neutral zone.
8:51 of 3rd period - Slapshot by Matthew Tkachuk.
8:51 of 3rd period - Stopped by Brian Elliott with a rebound.
9:01 of 3rd period - Rasmus Dahlin is hit by Mikhail Sergachev.
9:24 of 3rd period - Icing by Mikhail Sergachev.
9:25 of 3rd period - Adam Lowry wins face-off versus Steven Stamkos in Chicago Black Hawks zone.
10:01 of 3rd period - Penalty to Zdeno Chara is over, Zdeno Chara is back on ice.
11:28 of 3rd period - Wrist shot by Bryan Rust.
11:28 of 3rd period - Stopped by Brian Elliott with a rebound.
11:30 of 3rd period - Wrist shot by Lawson Crouse.
11:30 of 3rd period - Stopped by Brian Elliott with a rebound.
11:41 of 3rd period - Off-side.
11:42 of 3rd period - Evgeni Malkin wins face-off versus Phillip Danault in neutral zone.
11:51 of 3rd period - Wrist shot by Evgeni Malkin.
11:51 of 3rd period - Shot Blocked by Rasmus Andersson.
12:09 of 3rd period - Snap shot by Bo Horvat.
12:09 of 3rd period - Shot Misses the Net.
12:17 of 3rd period - Wrist shot by Bo Horvat.
12:17 of 3rd period - Shot Misses the Net.
12:19 of 3rd period - Snap shot by Brent Burns.
12:19 of 3rd period - Shot Blocked by Andrew Poturalski.
12:55 of 3rd period - Lawson Crouse is hit by Nino Niederreiter and loses puck.
13:40 of 3rd period - Snap shot by Steven Stamkos.
13:40 of 3rd period - Shot Blocked by Jamie Oleksiak.
13:42 of 3rd period - Wrist shot by Matt Duchene.
13:42 of 3rd period - Stopped by Brian Elliott with a rebound.
13:44 of 3rd period - Slapshot by Devon Toews.
13:44 of 3rd period - Stopped by Brian Elliott without a rebound.
13:45 of 3rd period - Matthew Tkachuk wins face-off versus Jack Hughes in Minnesota North Stars zone.
13:51 of 3rd period - Slapshot by Devon Toews.
13:51 of 3rd period - Deflect By David Perron.
13:51 of 3rd period - Stopped by Brian Elliott without a rebound.
13:52 of 3rd period - Steven Stamkos wins face-off versus Evgeni Malkin in Minnesota North Stars zone.
14:11 of 3rd period - Snap shot by Matt Duchene.
14:11 of 3rd period - Shot Blocked by David Perron.
14:13 of 3rd period - Wrist shot by Brent Burns.
14:13 of 3rd period - Stopped by Brian Elliott with a rebound.
14:15 of 3rd period - Slapshot by Devon Toews.
14:15 of 3rd period - Stopped by Brian Elliott with a rebound.
14:17 of 3rd period - Slapshot by Brent Burns.
14:17 of 3rd period - Stopped by Brian Elliott with a rebound.
14:19 of 3rd period - Wrist shot by Brent Burns.
14:19 of 3rd period - Shot Blocked by David Perron.
14:31 of 3rd period - Slapshot by Neal Pionk.
14:31 of 3rd period - Stopped by Jordan Binnington with a rebound.
14:58 of 3rd period - Snap shot by Matthew Tkachuk.
14:58 of 3rd period - Stopped by Brian Elliott with a rebound.
15:00 of 3rd period - Snap shot by Matthew Tkachuk.
15:00 of 3rd period - Deflect By Steven Stamkos.
15:00 of 3rd period - Shot Misses the Net.
15:00 of 3rd period - Puck is out of play.
15:01 of 3rd period - Andrew Poturalski wins face-off versus Bo Horvat in Minnesota North Stars zone.
15:16 of 3rd period - Snap shot by Vladimir Tarasenko.
15:16 of 3rd period - Stopped by Brian Elliott without a rebound.
15:17 of 3rd period - Adam Lowry wins face-off versus Phillip Danault in Minnesota North Stars zone.
15:19 of 3rd period - Minor Penalty to Zdeno Chara for Hooking.
15:20 of 3rd period - Steven Stamkos wins face-off versus Adam Lowry in Minnesota North Stars zone.
15:24 of 3rd period - Slapshot by Matt Duchene.
15:24 of 3rd period - Stopped by Brian Elliott with a rebound.
15:32 of 3rd period - Snap shot by Steven Stamkos.
15:32 of 3rd period - Stopped by Brian Elliott with a rebound.
17:11 of 3rd period - Bryan Rust is hit by Evgeni Malkin and loses puck.
17:19 of 3rd period - Penalty to Zdeno Chara is over, Zdeno Chara is back on ice.
17:22 of 3rd period - Zdeno Chara is hit by Phillip Danault and loses puck.
18:37 of 3rd period - Minor Penalty to Neal Pionk for Slashing.
18:38 of 3rd period - Steven Stamkos wins face-off versus Adam Lowry in Minnesota North Stars zone.
Goals for this period are 0 for Minnesota North Stars vs 1 for Chicago Black Hawks.
Shots for this period are 8 for Minnesota North Stars vs 17 for Chicago Black Hawks.
Back to the Top